cohdb
Replays
Latest Replays
All Replays
Popular Replays
Top Player Replays
Match Explorer
How It Works
Community
CoH3 Stats
Reddit
Sign in to upload your games and track your stats! →
Sign in with Steam
Match 45406596
Unlisted
Match 45406596
Overview
Messages
Build Orders
End
Panzergrenadier Squad
250 Light Carrier
Panzergrenadier Squad
Construct Light Support Kompanie
Combat Half-tracks
Fire Support Elements
Vehicle Survival Package
Panzergrenadier Squad
Flakvierling Half-track
Panzerpioneer Squad
2.5-tonne Medical Truck
Selects Armored Support Battlegroup
Selects Salvage Kits
Selects Veteran Gunners
Pak 38 Mechanized Group
Selects Flammpanzer III Medium Tank
Flammpanzer III Medium Tank
Panzergrenadier Squad
Construct Mechanized Kompanie
SEX 2
Hauptmann
Eversman
matjouz
0
0
Comments
sign in to comment!
No comments posted yet!